 Dungeon Crawl Stone Soup version 0.30.1-11-g7821555f0a (webtiles) character file.

Game seed: 3029985733362557169

495 SacredBeard the Grave Robber (level 6, -3/44 HPs)
             Began as a Demonspawn Necromancer on Nov 26, 2023.
             Slain by a gnoll
             ... wielding a +0 spear
             ... led by a gnoll bouda
              (5 damage)
             ... on level 5 of the Dungeon.
             The game lasted 00:07:03 (3346 turns).

SacredBeard the Grave Robber (DsNe)                 Turns: 3346, Time: 00:07:03

Health: -3/44      AC:  5    Str: 11    XL:     6   Next: 92%
Magic:  9/9        EV: 12    Int: 16    God:
Gold:   158        SH:  0    Dex: 13    Spells: 8/9 levels left

rFire   . . .        g - +2 dagger (venom)
rCold   . . .        (no shield)
rNeg    . . .        a - +0 robe
rPois   .            f - +0 helmet
rElec   .            (no cloak)
rCorr   +            (no gloves)
SInv    .            (no boots)
Will    .....        h - amulet of magic regeneration
Stlth   ++           j - ring of resist corrosion
HPRegen 0.27/turn    (no ring)
MPRegen 0.51/turn

%: no passive effects
@: no status effects
A: claws 2, icy blue scales 1, demonic guardian 1
a: no special abilities


You were on level 5 of the Dungeon.
You visited 1 branch of the dungeon, and saw 5 of its levels.

You collected 158 gold pieces.

Inventory:

Hand Weapons
 g - a +2 dagger of venom (weapon)
Missiles
 b - 47 stones
 r - 6 poisoned darts
Armour
 a - a +0 robe (worn)
 f - a +0 helmet (worn)
Magical Staves
 i - a staff of death
Jewellery
 h - an amulet of magic regeneration (around neck)
 j - a ring of resist corrosion (left claw)
Scrolls
 d - 2 scrolls of teleportation {unknown}
 k - a scroll of noise {unknown}
 l - a scroll of fog {unknown}
 m - 3 scrolls of magic mapping {unknown}
 o - a scroll of identify {unknown}
 p - a scroll of vulnerability {unknown}
Potions
 c - 2 potions of heal wounds {unknown}
 e - 4 potions of flight {unknown}
 n - 3 potions of curing {unknown}
 q - a potion of attraction {unknown}


   Skills:
 + Level 2.0 Fighting
 + Level 1.9 Throwing
 + Level 1.9 Armour
 + Level 2.9 Dodging
 + Level 2.8 Stealth
 + Level 1.8 Unarmed Combat
 - Level 2.0 Spellcasting
 * Level 5.8 Necromancy
 + Level 2.0 Evocations


You had 8 spell levels left.
You knew the following spells:

 Your Spells              Type           Power      Damage    Failure   Level
a - Necrotise             Necr           80%        1d8       1%          1

Your spell library contained the following spells:

 Spells                   Type           Power      Damage    Failure   Level
 Vampiric Draining        Necr           20%        2d7       6%          3
 Animate Dead             Necr           20%        N/A       19%         4
 Shock                    Conj/Air       4%         1d3       21%         1
 Agony                    Necr           20%        N/A       47%         5
 Summon Guardian Golem    Hex/Summ       1%         N/A       52%         3
 Swiftness                Air            1%         N/A       52%         3
 Airstrike                Air            0%         2d(1-17)  90%         4
 Orb of Destruction       Conj           0%         9d5       100%        7
 Spellforged Servitor     Conj/Summ      0%         N/A       100%        7


Dungeon Overview and Level Annotations

Branches:
Dungeon (4/15) Zot: 26657  Temple (0/1) D:5

Altars:
Ru


Innate Abilities, Weirdness & Mutations

You have very sharp fingernails.
You are partially covered in icy blue scales. (AC +2)
A weak demonic guardian rushes to your aid.


Message History

The gnoll bouda barks out a call to the hunt!
The gnoll picks up the pace!
Your shadow imp hits the gnoll bouda.
The gnoll bouda gazes fiercely through you!
You feel as though you will be weak longer.
The gnoll bouda closely misses your shadow imp.
The gnoll hits your shadow imp with a +0 spear!
The gnoll hits you from afar with a +0 spear.
* * * LOW HITPOINT WARNING * * *
Your shadow imp gestures at the gnoll bouda.
The gnoll bouda writhes in agony!
The gnoll bouda dies!
Your Fighting skill increases to level 2!
The gnoll barely misses you.
Your attacks no longer feel as feeble.
Casting: Necrotise (safe; 1% risk of failure)
Confirm with . or Enter, or press ? or * to list all spells.
Aiming: Necrotise (safe; 1% risk of failure)
Press: ? - help, Shift-Dir - straight line, f - gnoll
Aim: a gnoll, wielding a +0 spear (covering ground quickly, chance to affect: 84%)
The gnoll barely resists.
The gnoll hits you from afar with a +0 spear.
* * * LOW HITPOINT WARNING * * *
A demonic guardian appears!
Casting: Necrotise (safe; 1% risk of failure)
Confirm with . or Enter, or press ? or * to list all spells.
Aiming: Necrotise (safe; 1% risk of failure)
Press: ? - help, Shift-Dir - straight line, f/p - gnoll
Aim: a gnoll, wielding a +0 spear (covering ground quickly, ally target, chance to affect: 84%)
Okay, then.
Unknown command.
You open the door.
A gnoll comes into view. It is wielding a +0 whip.
The gnoll hits you from afar with a +0 spear.
* * * LOW HITPOINT WARNING * * *
Your shadow imp hits the gnoll.
Your shadow imp hits the gnoll but does no damage.
Found a staircase to the Ecumenical Temple.
The gnoll hits you from afar with a +0 spear.
You die...

#....#...... ##.
#...##..#..# ...
#.......#... .g.
#.....###... ...
#...#......# ###'##
#..##..).g## .....
#.....5#.... .#.#+#.###
##.....##..##
.'.#>#.@.###...#......#
.#.###.#5##.g.##...##.#
#.....#g##..5.5.#.##.#
###+###g##.######.# .#
#....5...# .. ..
######...## ...
........)### ...)
...........# ..#
.........##.#####


You could see 3 gnolls and 2 friendly shadow imps.

Vanquished Creatures
  A water moccasin (D:5)
  A howler monkey (D:5)
  3 hounds
  2 iguanas (D:4)
  7 adders
  A worm (D:3)
  A dart slug (D:1)
  An orc (D:3)
  7 ball pythons
  4 endoplasms
  2 giant cockroaches
  12 hobgoblins
  A quokka (D:2)
  6 bats
  3 frilled lizards
  7 goblins
  3 kobolds
  3 rats
65 creatures vanquished.

Vanquished Creatures (collateral kills)
  A hound (D:5)
  A gnoll bouda (D:5)
  An adder (D:2)
  An ufetubus (D:5)
  A dart slug (D:1)
  A ball python (D:2)
  3 kobolds
9 creatures vanquished.

Grand Total: 74 creatures vanquished

Notes
Turn   | Place    | Note
-------+----------+-------------------------------------------
     0 | D:1      | SacredBeard the Demonspawn Necromancer began the quest for
                  | the Orb.
     0 | D:1      | Reached XP level 1. HP: 13/13 MP: 3/3
   126 | D:1      | Gained mutation: You have sharp fingernails. [demonic
                  | ancestry]
   126 | D:1      | Reached XP level 2. HP: 19/19 MP: 0/5
  1318 | D:2      | Gained mutation: You are partially covered in icy blue
                  | scales. (AC +2) [demonic ancestry]
  1318 | D:2      | Reached XP level 3. HP: 25/25 MP: 4/6
  1492 | D:2      | Found a sacrificial altar of Ru.
  1669 | D:2      | Reached skill level 1 in Throwing
  1943 | D:2      | Gained mutation: You have very sharp fingernails. [demonic
                  | ancestry]
  1943 | D:2      | Reached XP level 4. HP: 31/31 MP: 5/7
  2040 | D:2      | Reached skill level 1 in Fighting
  2158 | D:3      | Reached skill level 1 in Armour
  2470 | D:3      | Reached skill level 5 in Necromancy
  2491 | D:3      | Reached skill level 1 in Evocations
  2975 | D:4      | Reached skill level 1 in Unarmed Combat
  2975 | D:4      | Reached XP level 5. HP: 36/37 MP: 4/8
  3104 | D:4      | You fall into a shaft and drop 1 floor!
  3104 | D:5      | Entered Level 5 of the Dungeon
  3120 | D:5      | Noticed a water moccasin
  3135 | D:5      | Killed a water moccasin
  3136 | D:5      | Gained mutation: A weak demonic guardian rushes to your
                  | aid. [demonic ancestry]
  3136 | D:5      | Reached XP level 6. HP: 20/44 MP: 3/9
  3345 | D:5      | Found a staircase to the Ecumenical Temple.
  3345 | D:5      | HP: 2/44 [gnoll/+0 spear[a gnoll bouda] (2)]
  3346 | D:5      | Slain by a gnoll

Illustrated notes

Levels and vault maps discovered:
D:1:      grunt_arrival_lava_bath, layout_basic
D:2:      layout_basic, basic_altar
D:3:      layout_basic, nicolae_overflow_crystal_walls
D:4:      layout_loops_ring, uniq_eustachio
D:5:      layout_basic, minmay_temple_entry_glassed_door, hangedman_decor_points

Skill      XL: |  1  2  3  4  5  6 |
---------------+-------------------+-----
Dodging        | 2 |  2.9
Stealth        | 2 |  2.8
Throwing       | 1 |  1.9
Fighting       | 1 2 |  2.0
Armour         | 1 |  1.9
Necromancy     | 5 |  5.8
Evocations     | 1 2 |  2.0
Unarmed Combat | 1 |  1.8
Spellcasting   | |  2.0

Action                     |  1- 3 |  4- 6 || total
---------------------------+-------+-------++-------
  Melee: Dagger            |     6 |     3 ||     9
  Throw: Stone             |       |     2 ||     2
   Cast: Necrotise         |    65 |    93 ||   158
    Use: Potion            |     1 |       ||     1
 Armour: Robe              |     4 |     8 ||    12
  Dodge: Dodged            |    12 |    30 ||    42
